 Seeded DCSS version 0.29.1-12-g30fa7ad0bf (webtiles) character file.

Game seed: 3990839637946721268 (custom seed)

6661 lotusamurai3 the Nimble (level 11, 0/71 HPs)
             Began as a Tengu Monk on Dec 24, 2022.
             Was a Priest of Wu Jian.
             Killed from afar by an efreet (25 damage)
             ... with a fireball
             ... on level 8 of the Dungeon.
             The game lasted 00:28:34 (13338 turns).

lotusamurai3 the Nimble (Tengu Monk)               Turns: 13338, Time: 00:28:34

Health: 0/71       AC: 10    Str: 11    XL:     11   Next: 3%
Magic:  12/12      EV: 28    Int: 11    God:    Wu Jian [***...]
Gold:   537        SH:  0    Dex: 27    Spells: 10/10 levels left

rFire   . . .      SeeInvis .   a - +0 falchion (venom)
rCold   . . .      Faith    +   (no shield)
rNeg    . . .      Spirit   .   A - +0 acid dragon scales
rPois   .          Reflect  .   (helmet restricted)
rElec   .          Harm     .   c - +0 cloak
rCorr   +          Rampage  .   (no gloves)
Will    .....                   (boots unavailable)
Stlth   ++........              b - amulet of faith
HPRegen 0.21/turn               e - +4 ring of evasion
MPRegen 0.13/turn               i - +6 ring of dexterity

@: flying quickly and evasively, quick
A: beak, talons 3, nimble flight
a: Renounce Religion, Wall Jump, Serpent's Lash


You were on level 8 of the Dungeon.
You worshipped Wu Jian.
Wu Jian was most pleased with you.
You visited 2 branches of the dungeon, and saw 9 of its levels.

You collected 537 gold pieces.

Inventory:

Hand Weapons
 a - a +0 falchion of venom (weapon)
Missiles
 h - a throwing net (quivered)
Armour
 c - a +0 cloak (worn)
 A - +0 acid dragon scales (worn)
Jewellery
 b - an amulet of faith (around neck)
 e - a +4 ring of evasion (left hand)
 g - a ring of resist corrosion
 i - a +6 ring of dexterity (right hand)
 n - a ring of poison resistance
 E - a ring of willpower
Wands
 o - a wand of roots (20)
 v - a wand of charming (1)
 x - a wand of flame (3)
Scrolls
 d - 3 scrolls of identify
 j - a scroll of teleportation
 k - a scroll of vulnerability
 m - a scroll of blinking
 q - 3 scrolls of immolation
 s - a scroll of poison
 w - 2 scrolls of silence
 y - a scroll of magic mapping
Potions
 f - a potion of curing
 l - a potion of flight
 p - 2 potions of degeneration
 t - a potion of ambrosia
 u - 2 potions of lignification
 z - a potion of berserk rage
 B - a potion of brilliance {unknown}


   Skills:
 * Level 9.4 Fighting
 + Level 7.6 Long Blades
 * Level 9.6 Armour
 * Level 10.1 Dodging
 - Level 2.0 Stealth


You had 10 spell levels left.
You didn't know any spells.
Your spell library contained the following spells:

 Spells                   Type           Power      Damage    Failure   Level
 Sandblast                Erth           0%         2d4       45%         1
 Ensorcelled Hibernation  Hex/Ice        0%         N/A       58%         2
 Passwall                 Tmut/Erth      0%         N/A       58%         2
 Gell's Gravitas          Tloc           0%         N/A       83%         3
 Spider Form              Tmut/Pois      0%         N/A       83%         3
 Stone Arrow              Conj/Erth      0%         3d7       83%         3
 Teleport Other           Tloc           0%         N/A       83%         3
 Anguish                  Hex/Necr       0%         N/A       99%         4
 Hailstorm                Conj/Ice       0%         3d3       99%         4
 Ice Form                 Ice/Tmut       0%         N/A       99%         4
 Dispersal                Tloc           0%         N/A       100%        6
 Simulacrum               Ice/Necr       0%         N/A       100%        6


Dungeon Overview and Level Annotations

Branches:
Dungeon (8/15)             Temple (1/1) D:4
   Lair: D:8-11

Altars:
Ashenzari
Cheibriados
Elyvilon
Fedhas
Gozag
Hepliaklqana
Kikubaaqudgha
Makhleb
Nemelex Xobeh
Okawaru
Qazlal
Ru
Sif Muna
Uskayaw
Vehumet
Wu Jian
Xom
Zin
The Shining One

Shops:
D:2 :   D:3 *   D:7 (


Innate Abilities, Weirdness & Mutations

You have a beak for a mouth.
You have claws for feet.
Your magical nature lets you fly swiftly and evasively.


Message History

The fireball engulfs the efreet.
The efreet completely resists.
You hit the efreet but do no damage.
The efreet is poisoned.
Your kick misses the efreet. The efreet misses you.
You hit the efreet but do no damage. The efreet completely misses you.
You barely miss the efreet. Your peck misses the efreet.
You hit the efreet but do no damage. You claw the efreet, but do no damage.
The efreet gestures at you.
The fireball explodes!
The fireball engulfs you!
The fireball engulfs the efreet.
The efreet completely resists.
You hit the efreet but do no damage. You claw the efreet, but do no damage.
You peck the efreet, but do no damage.
The efreet is lightly wounded.
The efreet hits you but does no damage.
Unknown command.
You hit the efreet but do no damage. Your peck misses the efreet.
The efreet is lightly wounded.
The efreet completely misses you.
Unknown command.
Unknown command.
Okay, then.
You hit the efreet but do no damage. You peck the efreet, but do no damage.
The efreet is lightly wounded.
The efreet misses you.
Unknown command.
You slash the efreet! You claw the efreet, but do no damage.
You peck the efreet, but do no damage.
The efreet is moderately wounded.
The efreet completely misses you.
You hit the efreet but do no damage.
The efreet is moderately wounded.
The efreet completely misses you.
You hit the efreet.
The efreet looks even sicker.
You peck the efreet, but do no damage.
The efreet is moderately wounded.
The efreet completely misses you.
You hit the efreet. You claw the efreet! You peck the efreet, but do no damage.
The efreet is heavily wounded.
The efreet gestures at you.
The fireball explodes!
The fireball engulfs you!!
You die...

.###)###§§F§.Y#....'.*,'.'.#.'.#.
.##.#.##.####'.'####,*,#.#.#.#.#.
.#.###.#.#..'#.#'..#,',#.#.'.#.#.
.######..#...*.#,..#,**#'###.#)#.
.........#...*.#,,,#,,,,,.,..#...
####.#########'#********.#*###.##
# #.# #.###.##### *.# #..# # #.##
#..'..#R..# *#.# #.## # #..##
#.##..'@..# ##..# #.# ##
##..###..'..#...###[.#* ##.# .#
##.....#####.......#* #..# .##
#####..'..#...##### ##.## ..##
#.##..'...# ##..# ...###
#..'..#...# ###..##
.#...#####[###.#########...##
...#.....#####'#####.....###
##...............†...#####


You could see an efreet (very poisoned).

Vanquished Creatures
  A hydra (D:7)
  An orc knight (D:7)
  Joseph (D:7)
  Maggie (D:8)
  A kobold demonologist (D:8)
  Eustachio (D:5)
  A wraith (D:8)
  Grum (D:8)
  3 steam dragons
  2 water moccasins (D:6)
  2 ice beasts (D:6)
  2 orc warriors
  3 black bears
  A sky beast (D:6)
  2 wolves (D:7)
  3 ogres
  6 centaurs
  A phantom (D:5)
  5 bullfrogs
  2 kobold brigands
  2 gnoll sergeants
  A necrophage (D:6)
  5 scorpions
  2 wights (D:8)
  3 killer bees (D:8)
  3 howler monkeys
  An electric eel (D:7)
  5 hounds
  An orc priest (D:6)
  A jelly (D:7)
  A gnoll bouda (D:5)
  Ijyb (D:4)
  An iguana (D:5)
  6 orc wizards
  5 adders
  14 gnolls
  A shadow imp (D:8)
  A white imp (D:6)
  An ufetubus (D:6)
  3 worms
  2 dart slugs
  19 orcs
  2 ball pythons
  2 bats
  5 endoplasms
  3 giant cockroaches
  5 goblins
  7 hobgoblins
  3 jackals (D:2)
  5 quokkas
  3 frilled lizards
  7 kobolds
  6 rats
167 creatures vanquished.

Vanquished Creatures (others)
  A hobgoblin (D:4)
  22 plants (D:5)
23 creatures vanquished.

Grand Total: 190 creatures vanquished

Notes
Turn   | Place    | Note
-------+----------+-------------------------------------------
     0 | D:1      | lotusamurai3 the Tengu Monk began the quest for the Orb.
     0 | D:1      | Reached XP level 1. HP: 14/14 MP: 2/2
   408 | D:1      | Reached XP level 2. HP: 19/19 MP: 3/3
   651 | D:1      | Reached skill level 1 in Armour
  1286 | D:2      | Reached XP level 3. HP: 18/23 MP: 4/4
  1521 | D:2      | Found a faded altar of an unknown god.
  2151 | D:2      | Found Huelis's Book Shop.
  2200 | D:2      | Reached skill level 4 in Dodging
  2200 | D:2      | Reached XP level 4. HP: 28/28 MP: 5/5
  2312 | D:3      | Noticed a gnoll sergeant
  2473 | D:3      | Found Emuafauv's General Store.
  3112 | D:3      | Gained mutation: Your magical nature lets you fly swiftly
                  | and evasively. [Tengu growth]
  3112 | D:3      | Reached XP level 5. HP: 33/33 MP: 6/6
  3835 | D:4      | Reached XP level 6. HP: 38/38 MP: 7/7
  3928 | D:4      | Found a burning altar of Makhleb.
  3960 | D:4      | Found a staircase to the Ecumenical Temple.
  3969 | Temple   | Entered the Ecumenical Temple
  3976 | Temple   | Became a worshipper of the Wu Jian Council
  3976 | Temple   | Reached * piety under Wu Jian
  3976 | Temple   | Reached ** piety under Wu Jian
  4180 | D:4      | Noticed Ijyb
  4192 | D:4      | Killed Ijyb
  4429 | D:4      | Found a staircase to the Ecumenical Temple.
  4484 | D:4      | Noticed a black bear
  4529 | D:4      | Found a burning altar of Makhleb.
  4542 | D:4      | Killed a black bear
  4543 | D:4      | Reached skill level 5 in Dodging
  4834 | D:5      | Entered Level 5 of the Dungeon
  5237 | D:5      | Reached XP level 7. HP: 32/44 MP: 8/8
  5418 | D:5      | Reached skill level 5 in Fighting
  6181 | D:5      | Noticed Eustachio
  6291 | D:5      | Killed Eustachio
  7122 | D:5      | Reached skill level 6 in Dodging
  7132 | D:5      | Reached XP level 8. HP: 50/50 MP: 9/9
  7184 | D:6      | Reached skill level 5 in Armour
  7249 | D:6      | Reached skill level 5 in Long Blades
  7658 | D:6      | Identified the +0 chain mail "Iczeed Vamaa" {+Inv}
  7730 | D:6      | Reached skill level 7 in Dodging
  7895 | D:6      | Identified the +4 sling "Grom" {flame, rN+++ MP-9}
  7952 | D:6      | Reached XP level 9. HP: 56/56 MP: 10/10
  8118 | D:6      | Found a stormy altar of Qazlal.
  8211 | D:6      | Found a hazy altar of Hepliaklqana.
  8485 | D:7      | Noticed Joseph
  8656 | D:7      | Found a blossoming altar of Fedhas.
  8656 | D:7      | Found a glowing golden altar of the Shining One.
  8677 | D:7      | HP: 2/57 [electric eel/bolt of electricity (8)]
  8678 | D:7      | Reached *** piety under Wu Jian
  8679 | D:7      | Reached skill level 8 in Dodging
  9066 | D:7      | Found a shimmering blue altar of Sif Muna.
  9794 | D:7      | Found Pitebeh's Weapon Shoppe.
  9962 | D:7      | Killed Joseph
  9963 | D:7      | Reached XP level 10. HP: 29/64 MP: 11/11
 10212 | D:7      | Found a shimmering altar of Xom.
 10590 | D:8      | Noticed a kobold demonologist
 10773 | D:8      | Noticed an orange demon
 10775 | D:8      | Killed a kobold demonologist
 10776 | D:8      | Reached skill level 9 in Dodging
 10789 | D:8      | Noticed an orc knight
 11106 | D:7      | Killed an orc knight
 11908 | D:8      | Noticed Grum
 12272 | D:8      | Noticed a manticore
 12320 | D:8      | Noticed a catoblepas
 12450 | D:8      | Noticed a five-headed hydra
 12459 | D:8      | Noticed Maggie
 12675 | D:8      | Identified the +4 flail of Joal {holy, Fly rElec rPois}
 12839 | D:7      | Killed a ten-headed hydra
 13027 | D:8      | Killed Grum
 13110 | D:8      | Reached skill level 10 in Dodging
 13132 | D:8      | Killed Maggie
 13172 | D:8      | Reached XP level 11. HP: 68/71 MP: 12/12
 13338 | D:8      | Killed from afar by an efreet

Illustrated notes

Levels and vault maps discovered:
D:1:      amcnicky_arrival_flooded_fountain, layout_loops_corners
D:2:      layout_loops_ring, serial_shops, nicolae_shop_waterfront,
          hellmonk_ecumenical_altar_zigzags
D:3:      layout_basic, serial_shops, nicolae_shop_hallway_plus, moated_statue,
          chequers_mini_garden
D:4:      layout_cave_pools, mainiacjoe_overflow_catwalk,
          minmay_temple_entry_mist, uniq_ijyb
D:5:      layout_layer_cave, serial_bayou_lagoon_a, uniq_eustachio
D:6:      minmay_bubble_buster, layout_basic, nicolae_qazlal_scattered_showers,
          nicolae_hepliaklqana_hippocampus
D:7:      layout_basic, lemuel_tele_altar, xom_teletrap_fun,
          mainiacjoe_overflow_catch_the_wave, serial_shops,
          nicolae_diamond_shop, uniq_joseph
D:8:      minmay_the_grid_plus_closed [minmay_the_grid_tree,
          minmay_the_grid_box_x, minmay_the_grid_doors, minmay_the_grid_armoury,
          minmay_the_grid_prize_four_corners], layout_basic, eino_tiny_chamber,
          lightli_church_of_beogh, uniq_grum, uniq_maggie
Temple:   nicolae_temple_ecumenical_triangle

Skill      XL: |  1  2  3  4  5  6  7  8  9 10 |
---------------+-------------------------------+-----
Armour         | 1 2 3 4 6 8 9 |  9.6
Dodging        | 4 5 6 7 8 10 | 10.1
Fighting       | 4 5 6 8 9 |  9.4
Long Blades    | 4 5 6 7 |  7.6
Stealth        | |  2.0

Action                   |  1- 3 |  4- 6 |  7- 9 | 10-12 || total
-------------------------+-------+-------+-------+-------++-------
Melee: Falchion          |    76 |    98 |   308 |   258 ||   740
       Kick              |    14 |    40 |   115 |   104 ||   273
       Peck              |    11 |    23 |    78 |    67 ||   179
       Punch             |     1 |     3 |     5 |     5 ||    14
Invok: Lunge             |       |     2 |    19 |    21 ||    42
       Whirlwind         |       |       |    12 |    51 ||    63
       Serpent's Lash    |       |       |     2 |     4 ||     6
Evoke: Wand              |       |       |       |     6 ||     6
  Use: Potion            |       |     1 |     1 |     2 ||     4
       Scroll            |       |     5 |     4 |    11 ||    20
 Stab: Sleeping          |     8 |     4 |     3 |     4 ||    19
       Distracted        |       |     2 |     1 |     2 ||     5
       Petrified         |       |       |       |     2 ||     2
Armor: Robe              |    10 |     4 |     7 |       ||    21
       Leather armour    |       |       |    14 |       ||    14
       Steam dragon scal |       |       |    17 |    35 ||    52
       Acid dragon scale |       |       |       |     2 ||     2
Dodge: Dodged            |    43 |    69 |   313 |   409 ||   834
